 Dungeon Crawl Stone Soup version 0.31.0-12-g77e489cdc1 (webtiles) character file.

Game seed: 6157898512082206588

675 Gadfly the Trooper (level 7, -4/111 HPs)
             Began as an Oni Berserker on Feb 23, 2024.
             Was a Priest of Trog.
             Killed by divine providence
             ... invoked by an orc priest
              (10 damage)
             ... on level 3 of the Dungeon on Feb 24, 2024.
             The game lasted 00:04:28 (2603 turns).

Gadfly the Trooper (Oni Berserker)                  Turns: 2603, Time: 00:04:29

Health: -4/111     AC: 23    Str: 22    XL:     7   Next: 59%
Magic:  7/7        EV:  1    Int:  8    God:    Trog [***...]
Gold:   104        SH:  0    Dex: 10    Spells: 6/6 levels left

rFire   . . .        a - +0 morningstar
rCold   . . .        (no shield)
rNeg    . . .        g - melded +0 robe
rPois   +            (helmet currently unavailable)
rElec   .            (cloak currently unavailable)
rCorr   .            (gloves unavailable)
SInv    +            (boots unavailable)
Will    .....        b - amulet of Pountun {Faith Harm Regen+}
Stlth   +            f - ring of see invisible
HPRegen 1.18/turn    (no ring)
MPRegen 0.10/turn

%: harm (+30% outgoing, +20% incoming), faith
@: tree-form, attractive
A: stationary, stasis, torment immunity, boosted hp, large, unfitting armour,
(horns 1), (tough skin 1), double potion healing, drunken brawling
a: Renounce Religion, Berserk, Trog's Hand


You were on level 3 of the Dungeon.
You worshipped Trog.
Trog was most pleased with you.
You were a tree.
You visited 1 branch of the dungeon, and saw 3 of its levels.

You collected 212 gold pieces.
You spent 108 gold pieces at shops.

Inventory:

Hand Weapons
 a - a +0 morningstar (weapon)
 h - a +0 mace
Armour
 g - a +0 robe (melded)
Jewellery
 b - the amulet of Pountun (around neck) {Faith Harm Regen+}
   (You acquired it on level 2 of the Dungeon)

   [amulet of faith]

   Faith:     It allows you to gain divine favour quickly.
   Regen+:    It increases your rate of health regeneration.
   Harm:      It increases damage dealt and taken.
 f - a ring of see invisible (left branch)
Scrolls
 c - a scroll of blinking
Potions
 d - a potion of berserk rage
 e - a potion of might
 i - 2 potions of cancellation
 j - a potion of heal wounds {unknown}
 k - a potion of attraction
 l - 2 potions of lignification


   Skills:
 + Level 5.7 Fighting
 * Level 5.2 Maces & Flails
 * Level 3.6 Armour
 - Level 2.6 Dodging
 * Level 3.2 Evocations


You had 6 spell levels left.
You didn't know any spells.
Your spell library was empty.

Dungeon Overview and Level Annotations

Branches:
Dungeon (3/15)

Altars:

Shops:
D:2 !

Annotations:
D:3 1 runed translucent door, Crazy Yiuf


Innate Abilities, Weirdness & Mutations

You are a tree.
Your roots penetrate the ground, keeping you stationary.
You cannot be teleported.
You are immune to unholy pain and torment.
Your maximum health is greatly increased.
Your equipment is partially melded.
You are too large for most types of armour.
((You have a pair of small horns on your head.))
((You have tough skin. (AC +1)))
You gain doubled healing and magic from potions.
Whenever you drink a healing potion, you attack all around you.


Message History

You feel sick.
You feel sick. The orc barely misses you.
Things that are here:
a +3 vampiric dagger; a +0 ring mail; an adder corpse You thump the orc!
You kill the orc!
Trog accepts your kill.
You feel sick.
You hit the orc but do no damage.
You feel sick.
You are no longer poisoned.
The orc hits you but does no damage. The orc hits you with a +0 club.
* * * LOW HITPOINT WARNING * * *
You puncture the orc!
You kill the orc!
Trog accepts your kill.
You thump the iguana!
The iguana is almost dead.
The iguana bites you but does no damage.
You closely miss the iguana. You headbutt the iguana.
The iguana is almost dead.
The orc priest calls down the wrath of Beogh upon you.
Beogh smites you!
* * * LOW HITPOINT WARNING * * *
The iguana closely misses you.
You hit the iguana but do no damage.
The iguana is almost dead.
The iguana bites you!
* * * LOW HITPOINT WARNING * * *
It was a potion of lignification.
You turn into a tree.
Your +0 robe melds into your body.
Your roots penetrate the ground.
The iguana bites you but does no damage.
It was a potion of attraction.
You feel attractive to monsters.
The iguana bites you but does no damage.
You thump the iguana!
You kill the iguana!
Trog accepts your kill.
The orc priest mumbles some strange prayers to Beogh against you.
Beogh smites you!
You die...

#. ..^. #. ... #.#####..
#...##.. #..##.### ##
######.##.).####..%. ###
#.o..)o[.........#
.....#####.####)####.)#####
....loo.o..# #♣# ##..###
.....oJ##### #.# ##...#
....... #.# ###.## .......
#.# #..# ## ....... ...
##.### #. ....... ... #...#
#. ......# ... ###.###.
.....# ..... #..##. ##.##.


You could see an orc priest.

Vanquished Creatures
  Grinder (D:3)
  Sigmund (D:3)
  A bombardier beetle (D:2)
  4 orc priests (D:3)
  Jessica (D:2)
  An iguana (D:3)
  Terence (D:3)
  6 adders
  A dart slug (D:1)
  2 ribbon worms
  6 orcs (D:3)
  A bat (D:2)
  3 endoplasms (D:3)
  5 giant cockroaches
  5 goblins
  4 hobgoblins
  7 kobolds
  2 quokkas
  7 ball pythons
  3 frilled lizards
  8 rats
70 creatures vanquished.

Notes
Turn   | Place    | Note
-------+----------+-------------------------------------------
     0 | D:1      | Gadfly the Oni Berserker began the quest for the Orb.
     0 | D:1      | Reached XP level 1. HP: 24/24 MP: 1/1
   271 | D:1      | Reached XP level 2. HP: 30/32 MP: 2/2
   503 | D:1      | Found a faded altar of an unknown god.
  1093 | D:2      | Noticed Jessica
  1098 | D:2      | Reached skill level 1 in Armour
  1100 | D:2      | Reached XP level 3. HP: 38/39 MP: 3/3
  1104 | D:2      | Killed Jessica
  1104 | D:2      | Reached ** piety under Trog
  1105 | D:2      | Reached skill level 1 in Evocations
  1188 | D:2      | Reached XP level 4. HP: 32/49 MP: 4/4
  1569 | D:2      | Identified a scroll of acquirement
  1569 | D:2      | Acquired the amulet of Pountun {Faith Harm Regen+}
  1649 | D:2      | Reached XP level 5. HP: 55/55 MP: 5/5
  1745 | D:2      | Found Zouratof's Distillery.
  1749 | D:2      | Bought a potion of degeneration for 12 gold pieces
  1752 | D:2      | Bought a potion of ambrosia for 96 gold pieces
  2079 | D:3      | Noticed Terence
  2079 | D:3      | Noticed Grinder
  2085 | D:3      | Killed Terence
  2099 | D:3      | Paralysed by Grinder for 3 turns
  2119 | D:3      | Killed Grinder
  2120 | D:3      | Reached skill level 5 in Fighting
  2120 | D:3      | Reached XP level 6. HP: 33/66 MP: 6/6
  2290 | D:3      | Noticed Sigmund
  2346 | D:2      | Reached *** piety under Trog
  2365 | D:3      | Killed Sigmund
  2366 | D:3      | Reached skill level 5 in Maces & Flails
  2366 | D:3      | Reached XP level 7. HP: 72/72 MP: 7/7
  2390 | D:3      | Found a runed translucent door.
  2391 | D:3      | Noticed Crazy Yiuf
  2600 | D:3      | HP: 1/74 [iguana (10)]
  2603 | D:3      | Killed from afar by an orc priest

Illustrated notes

Levels and vault maps discovered:
D:1:      dpeg_arrival_rooms_c, layout_loops_corners,
          hellmonk_ecumenical_altar_defaced_shrine, serial_park_tiny_2,
          kennysheep_flooded_box
D:2:      wad_woods_pond, layout_loops_ring, serial_shops, shop, uniq_jessica
D:3:      layout_rooms, nicolae_wormholes, uniq_sigmund,
          uniq_crazy_yiuf_cottage, uniq_terence, uniq_grinder

Skill      XL: |  1  2  3  4  5  6 |
---------------+-------------------+-----
Armour         | 1 2 3 |  3.6
Evocations     | 1 2 3 |  3.2
Maces & Flails | 4 5 |  5.2
Fighting       | 5 |  5.7
Dodging        | |  2.6

Action                     |  1- 3 |  4- 6 |  7- 9 || total
---------------------------+-------+-------+-------++-------
  Melee: Mace              |    54 |    89 |       ||   143
         Headbutt          |     8 |    14 |     6 ||    28
         Punch             |     1 |     1 |       ||     2
         Morningstar       |       |    26 |    35 ||    61
 Invoke: Berserk           |       |     1 |       ||     1
    Use: Scroll            |     4 |     2 |       ||     6
         Potion            |     2 |     3 |     2 ||     7
   Stab: Sleeping          |     1 |       |       ||     1
 Armour: Animal skin       |    31 |       |       ||    31
         Robe              |     6 |   107 |    49 ||   162
         Skin              |       |       |     2 ||     2
  Dodge: Dodged            |    30 |    82 |    27 ||   139
